 Dungeon Crawl Stone Soup version 0.20-a0-1074-g6a0a8e1 (webtiles) character file.

60 FastMan the Chopper (level 3, 0/51 HPs)
             Began as a Minotaur Berserker on Apr 29, 2017.
             Was a Believer of Trog.
             Slain by EyeSore's ghost (12 damage)
             ... on level 3 of the Dungeon.
             The game lasted 00:01:15 (893 turns).

FastMan the Chopper (Minotaur Berserker)             Turns: 893, Time: 00:01:16

Health: 0/51       AC:  5    Str: 27    XL:     3   Next: 82%
Magic:  2/2        EV:  6    Int:  4    God:    Trog [**....]
Gold:   47         SH: 13    Dex:  9    Spells: 2/2 levels left

rFire    . . .     SeeInvis .   a - +1 war axe
rCold    . . .     Gourm    .   m - +0 large shield
rNeg     . . .     Faith    .   j - +0 ring mail
rPois    .         Spirit   .   (helmet restricted)
rElec    .         Reflect  .   (no cloak)
rCorr    .         Harm     .   (no gloves)
MR       .....                  (no boots)
Stlth    ..........             (no amulet)
Regen    0.2/turn               (no ring)
MPRegen  0.1/turn               (no ring)

@: berserking, very quick
A: retaliatory headbutt, horns 2
a: Berserk, Trog's Hand, Burn Spellbooks, Renounce Religion


You were on level 3 of the Dungeon.
You worshipped Trog.
Trog was pleased with you.
You were hungry.

You visited 1 branch of the dungeon, and saw 3 of its levels.

You collected 47 gold pieces.

Inventory:

Hand Weapons
 a - a +1 war axe (weapon)
Armour
 j - a +0 ring mail (worn)
 m - a +0 large shield (worn)
Jewellery
 d - an uncursed amulet of magic regeneration {unknown}
Wands
 k - a wand of digging (14/24)
Scrolls
 b - a scroll of noise {unknown}
 f - 3 scrolls of remove curse {@r2}
Potions
 h - a potion of curing {unknown}
Comestibles
 c - 2 bread rations {@e1}
 g - 3 meat rations {@e2}
 i - 7 chunks of flesh
 l - a royal jelly {@e3}


   Skills:
 + Level 4.3 Fighting
 * Level 5.0 Axes
 - Level 2.4 Armour
 - Level 2.1 Dodging
 + Level 0.8 Shields


You had 2 spell levels left.
You didn't know any spells.

Dungeon Overview and Level Annotations

Branches:
Dungeon (3/15)

Altars:
Ashenzari
Trog

Annotations:
D:3 EyeSore's ghost, amateur MiMo


Innate Abilities, Weirdness & Mutations

You reflexively headbutt those who attack you in melee.
You have a pair of horns on your head.


Message History

A bat comes into view.
You are too injured to fight recklessly!
You are too injured to fight recklessly!
You are too injured to fight recklessly!
You are too injured to fight recklessly!
You are too injured to fight recklessly!
You are too injured to fight recklessly!
You are too injured to fight recklessly!
You are too injured to fight recklessly!
You are too injured to fight recklessly!
You are too injured to fight recklessly!
A red film seems to cover your vision as you go berserk!
You feel yourself moving faster!
You feel mighty!
You are feeling hungry.
EyeSore's ghost hits you!
* * * LOW HITPOINT WARNING * * *
You slash EyeSore's ghost!
EyeSore's ghost is heavily damaged.
You closely miss the bat. You block the bat's attack. EyeSore's ghost hits you!
You die...

###.......#
..........###
##..........#
#..........###
######............#
#...............#.#
#......#######..#.#
#
#......#######..#.#
#.###
...=.bW@........#.#
.....
.......#######.##.#
#.### .......
#.##.# #. .......
#.##.#####. #.##
###.### #..........
..# #.# #.###.#####
#.# #.# #.# #.#
##.####### #.#
#.###.# .........#
#.# ########)..).#


You could see EyeSore's ghost and a bat.

Vanquished Creatures
  A jelly (D:3)
  An ooze (D:1)
  A dart slug (D:3)
  A leopard gecko (D:1)
  3 orcs (D:3)
  A bat (D:2)
  2 goblins (D:3)
  4 hobgoblins
  4 frilled lizards
  2 kobolds (D:3)
  2 rats
22 creatures vanquished.

Notes
Turn   | Place    | Note
-------+----------+-------------------------------------------
     0 | D:1      | FastMan the Minotaur Berserker began the quest for the Orb.
     0 | D:1      | Reached XP level 1. HP: 19/19 MP: 0/0
    26 | D:1      | Found a shattered altar of Ashenzari.
   185 | D:1      | Reached skill level 4 in Axes
   185 | D:1      | Reached XP level 2. HP: 14/27 MP: 1/1
   638 | D:3      | Found a bloodstained altar of Trog.
   732 | D:3      | Reached XP level 3. HP: 33/33 MP: 2/2
   768 | D:3      | Reached ** piety under Trog
   822 | D:3      | Reached skill level 5 in Axes
   886 | D:3      | Noticed EyeSore's ghost (amateur MiMo)
   893 | D:3      | Slain by EyeSore's ghost

Vault maps used:
D:1:      zaba_arrival_water, kennysheep_flooded_box, ashenzari_altar_1
D:2:      tso_oasis_becter, lemuel_doored_altar, hex_medium, serial_bayou_pond_d
D:3:      bloody_trog

Skill      XL: |  1  2  3 |
---------------+----------+-----
Axes           | 4 5 |  5.0
Fighting       | 4 |  4.3
Armour         | |  2.4
Dodging        | |  2.1
Shields        | |  0.8

Action                   || total
-------------------------++-------
Melee: Hand axe          ||    41
       Headbutt          ||     8
       War axe           ||     6
Invok: Berserk           ||     2
  Use: Scroll            ||     3
  Eat: Chunk             ||     1
Armor: Animal skin       ||     2
       Ring mail         ||     7
Dodge: Dodged            ||    20
Block: Large shield      ||     3
